 Dungeon Crawl Stone Soup version 0.24.0-35-gdb84b6a5db (webtiles) character file.

Game seed: 5429966448003332777, levelgen mode: deterministic

93 Flugslaktarn the Shield-Bearer (level 4, -6/40 HPs)
             Began as a Minotaur Fighter on Nov 18, 2019.
             Was a Plaything of Xom.
             Mangled by Sigmund
             ... wielding a +0 scythe
              (7 damage)
             ... on level 2 of the Dungeon.
             The game lasted 00:00:37 (1320 turns).

Flugslaktarn the Shield-Bearer (Minotaur Fighter)   Turns: 1320, Time: 00:00:38

Health: -6/40      AC:  7    Str: 21    XL:     4   Next: 36%
Magic:  3/3        EV:  7    Int:  5    God:    Xom [*.....]
Gold:   100        SH:  9    Dex: 10    Spells: 3/3 levels left

rFire    . . .     SeeInvis .   a - +0 war axe
rCold    . . .     Gourm    .   c - +0 shield
rNeg     . . .     Faith    .   b - +0 scale mail
rPois    .         Spirit   .   (helmet restricted)
rElec    .         Reflect  .   (no cloak)
rCorr    .         Harm     .   (no gloves)
MR       .....                  (no boots)
Stlth    ..........             (no amulet)
HPRegen  0.13/turn              (no ring)
MPRegen  0.08/turn              (no ring)

@: no status effects
A: retaliatory headbutt, horns 2
a: Renounce Religion


You were on level 2 of the Dungeon.
You worshipped Xom.
You were a special plaything of Xom.
You were not hungry.

You visited 1 branch of the dungeon, and saw 2 of its levels.

You collected 100 gold pieces.

Inventory:

Hand Weapons
 a - a +0 war axe (weapon)
Armour
 b - a +0 scale mail (worn)
 c - a +0 shield (worn)
Scrolls
 f - 2 scrolls of identify {unknown}
 g - a scroll of teleportation {unknown}
 k - a scroll of magic mapping {unknown}
 n - a scroll of blinking {unknown}
Potions
 d - a potion of might
 h - a potion of invisibility {unknown}
 i - a potion of degeneration {unknown}
 j - a potion of curing {unknown}
 l - a potion of lignification {unknown}
 o - a potion of heal wounds {unknown}
Comestibles
 e - 6 rations
 m - 2 chunks of flesh


   Skills:
 + Level 4.2 Fighting
 * Level 4.0 Axes
 + Level 4.2 Armour
 + Level 4.3 Shields


You had 3 spell levels left.
You didn't know any spells.
Your spell library was empty.

Dungeon Overview and Level Annotations

Branches:
Dungeon (2/15)

Altars:
Xom

Annotations:
D:2 Sigmund


Innate Abilities, Weirdness & Mutations

You reflexively headbutt those who attack you in melee.
You have a pair of horns on your head.


Message History

You closely miss something. Your headbutt misses something.
You block something's attack.
You slash something!
You hear some strange, mumbled words.
A puff of flame appears from out of thin air!
The puff of flame hits you but does no damage.
You completely miss something. You headbutt something. Something hits you.
* * * LOW HITPOINT WARNING * * *
You miss something. Something hits you.
* * * LOW HITPOINT WARNING * * *
Something hits you.
* * * LOW HITPOINT WARNING * * *
You see here a +0 short sword.
You block the frilled lizard's attack. You block the frilled lizard's attack.
Something hits you.
* * * LOW HITPOINT WARNING * * *
You block the frilled lizard's attack. You block something's attack.
Something hits you!
You die...

###.###.......##..........
#.#.........##..........
#...........##.......#..
#...................#..
#......................
####......................
........!.................
.............((........#..
.........@...(...#####....
........?l.......## #....
..........................
.........#...$............
.........#)†..............
....####.....?............
... #.............( ..
...............
................


You could see a frilled lizard.

Vanquished Creatures
  4 gnolls (D:2)
  An adder (D:2)
  An ooze (D:1)
  3 dart slugs
  2 leopard geckos
  3 giant cockroaches
  3 goblins
  4 hobgoblins (D:1)
  4 jackals (D:1)
  3 bats
  2 kobolds
30 creatures vanquished.

Notes
Turn   | Place    | Note
-------+----------+-------------------------------------------
     0 | D:1      | Flugslaktarn the Minotaur Fighter began the quest for the
                  | Orb.
     0 | D:1      | Reached XP level 1. HP: 19/19 MP: 0/0
    61 | D:1      | Reached XP level 2. HP: 27/27 MP: 1/1
   591 | D:1      | Reached XP level 3. HP: 33/33 MP: 2/2
   979 | D:2      | Found a shimmering altar of Xom.
   986 | D:2      | Found a shimmering altar of Xom.
   988 | D:2      | Found a shimmering altar of Xom.
   988 | D:2      | Found a shimmering altar of Xom.
   997 | D:2      | Reached XP level 4. HP: 17/40 MP: 3/3
  1202 | D:2      | Found a shimmering altar of Xom.
  1206 | D:2      | Became a worshipper of Xom the Fickle
  1280 | D:2      | XOM: divination: magic mapping
  1297 | D:2      | Noticed Sigmund
  1317 | D:2      | HP: 1/40 [something (3)]
  1320 | D:2      | Mangled by Sigmund

Levels and vault maps discovered:
D:1:      roderic_crop_circles_arrival_small, layout_basic
D:2:      layout_basic, zin_statuary, xom_redecorated,
          overflow_temple_1_default, uniq_sigmund

Skill      XL: |  1  2  3  4 |
---------------+-------------+-----
Axes           | 3 4 |  4.0
Shields        | 4 |  4.3
Armour         | 4 |  4.2
Fighting       | 4 |  4.2

Action                   |  1- 3 |  4- 6 || total
-------------------------+-------+-------++-------
Melee: War axe           |    54 |    21 ||    75
       Headbutt          |    10 |     3 ||    13
  Eat: Chunk             |       |     1 ||     1
Armor: Scale mail        |    36 |    10 ||    46
Dodge: Dodged            |    17 |     6 ||    23
Block: Shield            |    30 |    11 ||    41
